 Dungeon Crawl Stone Soup version 0.31-a0-354-g827e0957a7 (webtiles) character file.

Game seed: 1219999012492181744

191 greasedhog the Ruffian (level 5, 0/53 HPs)
             Began as a Troll Fighter on July 24, 2023.
             Succumbed to a water moccasin's poison
             ... on level 6 of the Dungeon.
             The game lasted 00:01:57 (1285 turns).

greasedhog the Ruffian (Troll Fighter)              Turns: 1285, Time: 00:01:57

Health: 0/53       AC:  4    Str: 24    XL:     5   Next: 42%
Magic:  4/4        EV:  8    Int:  6    God:
Gold:   93         SH:  8    Dex:  9    Spells: 4/4 levels left

rFire   . .          .
                       - Unarmed
rCold   . . .        b - +0 kite shield
rNeg    . . .        a - +0 robe
rPois   .            (helmet restricted)
rElec   .            (no cloak)
rCorr   .            (gloves unavailable)
SInv    .            (boots unavailable)
Will    .....        (no amulet)
Stlth   +            (no ring)
HPRegen 1.08/turn    (no ring)
MPRegen 0.09/turn

%: no passive effects
@: mighty, brilliant, lethally poisoned (0 -> -4)
A: large, unfitting armour, claws 3, regeneration 1, shaggy fur 1, tough skin 1
a: no special abilities


You were on level 6 of the Dungeon.
You visited 1 branch of the dungeon, and saw 4 of its levels.

You collected 93 gold pieces.

Inventory:

Armour
 a - a +0 robe (worn)
 b - a +0 kite shield (worn)
Jewellery
 h - a ring of fire
 j - a ring of wizardry
Scrolls
 d - a scroll of identify {unknown}
 e - a scroll of enchant armour {unknown}
 f - a scroll of noise {unknown}
 i - 2 scrolls of acquirement {unknown}
 k - a scroll of immolation {unknown}


   Skills:
 + Level 3.3 Fighting
 - Level 2.4 Dodging
 + Level 3.6 Shields
 * Level 4.2 Unarmed Combat


You had 4 spell levels left.
You didn't know any spells.
Your spell library was empty.

Dungeon Overview and Level Annotations

Branches:
Dungeon (3/15)

Altars:


Innate Abilities, Weirdness & Mutations

You are too large for most types of armour.
You have claws for hands.
Your natural rate of healing is unusually fast.
You are covered in fur. (AC +1)
You have tough skin. (AC +1)


Message History

You completely miss the water moccasin.
The water moccasin is heavily wounded.
The water moccasin bites you. You block the water moccasin's attack.
You barely miss the water moccasin.
The water moccasin is heavily wounded.
The water moccasin bites you!
You completely miss the water moccasin.
The water moccasin is heavily wounded.
The water moccasin barely misses you. The water moccasin bites you.
You closely miss the water moccasin.
The water moccasin is heavily wounded.
The water moccasin bites you.
You are poisoned.
The water moccasin poisons you!
You claw the water moccasin!
The water moccasin is severely wounded.
You feel very sick. The water moccasin bites you.
You are lethally poisoned!
The water moccasin poisons you! You block the water moccasin's attack.
You scratch the water moccasin.
The water moccasin is almost dead.
* * * LOW HITPOINT WARNING * * *
You feel extremely sick.
The water moccasin bites you but does no damage.
You scratch the water moccasin.
You kill the water moccasin!
* * * LOW HITPOINT WARNING * * *
You feel very sick.
Your Unarmed Combat skill increases to level 4!
You have reached level 5!
Okay, then.
* * * LOW HITPOINT WARNING * * *
You feel very sick.
You feel very mighty all of a sudden.
* * * LOW HITPOINT WARNING * * *
You feel very sick.
It was a potion of brilliance.
You feel clever all of a sudden.
You die...

... #..... ...###
##.... .
#.....##.)..##.#
#......#.......
##...........
#......#...#
##.....#...#####
.[.....@....##.#
....##......#..### .
#.......<...# #
.............######..
...............#......
#............[........#
#.................#..##
#...........##......##
.................#


There were no monsters in sight!

Vanquished Creatures
  A water moccasin (D:6)
  3 gnolls (D:2)
  An adder (D:2)
  2 dart slugs (D:1)
  2 bats
  3 endoplasms (D:1)
  A giant cockroach (D:1)
  3 goblins (D:2)
  6 hobgoblins
  6 jackals (D:1)
  2 quokkas
  A ball python (D:1)
  2 frilled lizards
  3 kobolds (D:2)
  4 rats
40 creatures vanquished.

Notes
Turn   | Place    | Note
-------+----------+-------------------------------------------
     0 | D:1      | greasedhog the Troll Fighter began the quest for the Orb.
     0 | D:1      | Reached XP level 1. HP: 22/22 MP: 0/0
   108 | D:1      | Reached XP level 2. HP: 29/29 MP: 1/1
   433 | D:1      | Reached XP level 3. HP: 36/36 MP: 2/2
   747 | D:2      | Reached skill level 3 in Unarmed Combat
   923 | D:2      | Reached XP level 4. HP: 36/44 MP: 3/3
  1024 | D:2      | Identified the +1 scale mail of the Peculiar Wishes {rN+}
  1261 | D:3      | You fall into a shaft and drop 3 floors!
  1270 | D:6      | Noticed a water moccasin
  1282 | D:6      | Killed a water moccasin
  1283 | D:6      | Reached skill level 4 in Unarmed Combat
  1283 | D:6      | Reached XP level 5. HP: 7/53 MP: 4/4
  1284 | D:6      | HP: 2/53 [poisoned by a water moccasin]
  1285 | D:6      | Succumbed to a water moccasin's poison

Illustrated notes

Levels and vault maps discovered:
D:1:      nicolae_arrival_washed_ashore, layout_basic
D:2:      layout_loops_cross
D:3:      layout_basic, nicolae_tso_swordbearing_angel,
          shapermc_ecumenical_altar_gd
D:6:      layout_cave_pools, gammafunk_temple_overflow_arena,
          cheibrodos_sewer_entry_bend, minmay_circle_x, uniq_crazy_yiuf_cottage,
          uniq_duvessa, uniq_maggie

Skill      XL: |  1  2  3  4 |
---------------+-------------+-----
Shields        | 3 |  3.6
Unarmed Combat | 3 4 |  4.2
Fighting       | 3 |  3.3
Dodging        | |  2.4

Action                     |  1- 3 |  4- 6 || total
---------------------------+-------+-------++-------
  Melee: Unarmed           |    84 |    18 ||   102
    Use: Potion            |       |     2 ||     2
 Armour: Robe              |    22 |     3 ||    25
  Dodge: Dodged            |    27 |     7 ||    34
  Block: Kite shield       |    37 |     6 ||    43

Table legend: (Time is in decaauts)
 A = Elapsed time spent in this place.
 B = Non-inter-level travel time spent in this place.
 C = Inter-level travel time spent in this place.
 D = Time resting spent in this place.
 E = Time spent auto-exploring this place.
 F = Levels seen in this place.
 G = Mean time per level.
                   A        B        C        D        E       F      G
               +--------+--------+--------+--------+--------+-----+--------+
         Total |   1292 |   1261 |     31 |      0 |   1011 |   4 |  323.0 |
       Dungeon |   1292 |   1261 |     31 |      0 |   1011 |   4 |  323.0 |
               +--------+--------+--------+--------+--------+-----+--------+

Top non-repeatable levels by time:
     D:1: 625 daAuts
     D:2: 607 daAuts
     D:3: 34 daAuts
     D:6: 24 daAuts
